 Dungeon Crawl Stone Soup version 0.29-a0-757-g358383bc75 (webtiles) character file.

Game seed: 1587332278623295837

14548 Mesmaeker13 the Skirmisher (level 11, -6/99 HPs)
             Began as a Demigod Hunter on June 30, 2022.
             Shot with an arrow by a centaur warrior (24 damage)
             ... on level 11 of the Dungeon.
             The game lasted 00:31:11 (15117 turns).

Mesmaeker13 the Skirmisher (Demigod Hunter)        Turns: 15117, Time: 00:31:11

Health: -6/99      AC: 14    Str: 20    XL:     11   Next: 59%
Magic:  19/19      EV: 17    Int: 17    God:
Gold:   1808       SH:  0    Dex: 25    Spells: 15/17 levels left

rFire   + . .      SeeInvis .   L - +3 arbalest (flame)
rCold   + . .      Faith    .   (shield currently unavailable)
rNeg    . . .      Spirit   .   j - +3 ring mail
rPois   .          Reflect  .   C - +0 helmet
rElec   .          Harm     .   r - +0 cloak
rCorr   .          Rampage  .   v - +0 pair of gloves
Will    +....                   E - +0 pair of boots
Stlth   ++........              (no amulet)
HPRegen 0.26/turn               a - ring "Tunah" {rF+ rC+ Str+4}
MPRegen 0.16/turn               i - +6 ring of intelligence

@: no status effects
A: high MP 1, forlorn, divine attributes
a: no special abilities


You were on level 11 of the Dungeon.
You visited 1 branch of the dungeon, and saw 11 of its levels.
You also visited: Sewer.

You collected 1808 gold pieces.

Inventory:

Hand Weapons
 x - a +0 arbalest of freezing
 L - a +3 arbalest of flaming (weapon)
 M - the +5 mace "Myvuyrau" {vorpal, rN++ MP+9}
   (You found it on level 8 of the Dungeon)

   It inflicts extra damage upon your enemies.
   rN:        It greatly protects you from negative energy.
   MP:        It affects your magic capacity (+9).
 S - a +1 morningstar of holy wrath
Missiles
 p - 4 throwing nets
Armour
 j - a +3 ring mail (worn)
 r - a +0 cloak (worn)
 v - a +0 pair of gloves (worn)
 C - a +0 helmet (worn)
 E - a +0 pair of boots (worn)
 Q - a scarf of resistance
Jewellery
 a - the ring "Tunah" (left hand) {rF+ rC+ Str+4}
   (You acquired it on level 8 of the Dungeon)

   [ring of protection from fire]

   Str:       It affects your strength (+4).
   rF:        It protects you from fire.
   rC:        It protects you from cold.
 i - a +6 ring of intelligence (right hand)
 l - a ring of fire
 m - a ring of magical power
 O - a ring of ice
 R - a ring of willpower
Wands
 c - a wand of mindburst (11)
 g - a wand of polymorph (8)
 J - a wand of iceblast (2)
 K - a wand of flame (18)
 P - a wand of acid (1)
Scrolls
 b - 4 scrolls of immolation
 d - 7 scrolls of blinking
 h - 5 scrolls of magic mapping
 k - 2 scrolls of poison
 n - 5 scrolls of teleportation
 q - 2 scrolls of fog {unknown}
 A - 2 scrolls of silence {unknown}
 B - 3 scrolls of enchant armour {unknown}
 H - 3 scrolls of noise {unknown}
 I - a scroll of torment {unknown}
 N - a scroll of vulnerability {unknown}
Potions
 e - a potion of might
 f - 4 potions of brilliance
 o - a potion of magic {unknown}
 s - a potion of degeneration {unknown}
 t - 3 potions of mutation
 u - 3 potions of haste
 w - a potion of curing {unknown}
 z - 3 potions of resistance {unknown}
 D - a potion of heal wounds
 F - 3 potions of flight {unknown}
 G - 3 potions of lignification {unknown}
 T - a potion of attraction {unknown}


   Skills:
 + Level 9.7 Fighting
 + Level 2.1 Maces & Flails
 + Level 10.3 Ranged Weapons
 - Level 6.0 Armour
 + Level 7.3 Dodging
 - Level 0.8 Stealth
 + Level 3.5 Spellcasting
 - Level 5.0 Transmutations


You had 15 spell levels left.
You knew the following spells:

 Your Spells              Type           Power      Damage    Failure   Level
a - Wereblood             Tmut           20%        N/A       4%          2

Your spell library contained the following spells:

 Spells                   Type           Power      Damage    Failure   Level
 Beastly Appendage        Tmut           40%        N/A       3%          1
 Foxfire                  Conj/Fire      12%        2x1d4     26%         1
 Freeze                   Ice            12%        1d4       26%         1
 Shock                    Conj/Air       12%        1d3       26%         1
 Spider Form              Tmut/Pois      11%        N/A       28%         3
 Sublimation of Blood     Necr           3%         N/A       36%         2
 Conjure Flame            Conj/Fire      3%         6-21      61%         3
 Frozen Ramparts          Ice            6%         1d2       61%         3
 Inner Flame              Hex/Fire       3%         N/A       61%         3
 Swiftness                Air            3%         N/A       61%         3
 Airstrike                Air            1%         N/A       95%         4
 Flame Wave               Conj/Fire      3%         2d4       95%         4
 Hailstorm                Conj/Ice       3%         3d3       95%         4
 Summon Hydra             Summ           1%         N/A       100%        7


Dungeon Overview and Level Annotations

Branches:
Dungeon (11/15)            Temple (0/1) D:5            Lair (0/6) D:11
    Orc (0/2) D:10          Sewer (visited)

Shops:
D:7 *

Annotations:
D:6 3 runed translucent doors, SlaveLabor's ghost, novice DEAE


Innate Abilities, Weirdness & Mutations

You have an increased reservoir of magic. (+10% MP)
You shall have no god before yourself.
Your divine heritage dramatically boosts your attributes as you level up.


Message History

The gnoll sergeant hits the plant with a +0 trident!
The plant begins to die.
A nearby plant withers and dies.
The gnoll hits the fungus with a +0 whip.
The fungus begins to die.
The yak attacks as you move away! The yak gores you!
A nearby fungus withers and dies.
The centaur warrior attacks as you move away!
The centaur warrior hits you but does no damage.
The centaur warrior kicks you but does no damage.
You howl as the wereblood boils in your veins!
Your primal bloodlust is almost over.
The centaur warrior wields a +0 shortbow.
The centaur warrior shoots an arrow.
The arrow closely misses you.
The centaur warrior shoots an arrow.
The arrow hits you but does no damage.
The centaur warrior shoots an arrow.
The arrow barely misses you.
The yak gores the plant.
The plant begins to die.
The centaur warrior shoots an arrow.
The arrow hits you!
Something gores the plant.
The centaur warrior shoots an arrow.
The arrow hits you!
* * * LOW HITPOINT WARNING * * *
Things that are here:
a water moccasin skeleton; a bullfrog skeleton The centaur warrior shoots an arrow.
The arrow barely misses you.
Something gores the plant!
You howl as the wereblood boils in your veins!
The centaur warrior shoots an arrow.
The arrow hits you!
* * * LOW HITPOINT WARNING * * *
The gnoll hits the plant with a +0 spear.
Something gores the plant!
The centaur warrior shoots an arrow.
The arrow misses you.
You see here a water moccasin skeleton.
You see here a bullfrog skeleton.
Your primal bloodlust has ended.
The centaur warrior shoots an arrow.
The arrow closely misses you.
The centaur warrior shoots an arrow.
The arrow hits you.
* * * LOW HITPOINT WARNING * * *
There is a stone staircase leading up here.
The centaur warrior shoots an arrow.
The arrow hits you!!
You die...

#....PP...
#...PP....
#...g..P.P
#)......P.
#Y..P....P
##########gP.......
#........c.....PP.P
#.....)......PPPPP.
#.@÷Y.÷g.......PP..
##########)..P.P.P.
#..#...P.P
#..#....P.
#))##.P...
##########..##.....
#..................
#..................
#..................


You could see a centaur warrior, a yak and a gnoll.

Vanquished Creatures
  Harold (D:10)
  2 boulder beetles (D:9)
  2 centaur warriors (D:9)
  2 two-headed ogres
  A cyclops (D:9)
  2 kobold demonologists
  A troll (D:9)
  A hornet (D:9)
  Grinder (D:3)
  A shadow (D:9)
  Sigmund (D:4)
  A wraith (D:9)
  18 yaks
  A swamp worm (D:7)
  6 water moccasins
  An ice beast (D:6)
  6 orc warriors
  2 black bears
  An ogre (D:4)
  7 centaurs
  3 kobold brigands
  A phantom (D:7)
  A gnoll sergeant (D:9)
  4 scorpions
  Blork the orc (D:6)
  5 bullfrogs
  A necrophage (D:5)
  4 wights (D:8)
  11 killer bees
  12 howler monkeys
  5 hounds
  3 jellies
  8 orc priests
  2 gnoll shamans
  4 iguanas
  Natasha (twice) (D:2)
  12 orc wizards
  12 gnolls
  15 adders
  7 river rats
  A shadow imp (D:5)
  3 white imps
  A howler monkey simulacrum (D:9)
  5 worms (D:2)
  3 dart slugs
  37 orcs
  11 ball pythons
  10 bats
  6 endoplasms
  5 giant cockroaches
  5 goblins
  7 hobgoblins
  12 jackals
  32 kobolds
  3 quokkas
  4 frilled lizards
  25 rats
341 creatures vanquished.

Vanquished Creatures (others)
  28 fungi (D:11)
  41 plants
69 creatures vanquished.

Grand Total: 410 creatures vanquished

Notes
Turn   | Place    | Note
-------+----------+-------------------------------------------
     0 | D:1      | Mesmaeker13 the Demigod Hunter began the quest for the Orb.
     0 | D:1      | Reached XP level 1. HP: 17/17 MP: 3/3
   190 | D:1      | Reached XP level 2. HP: 24/24 MP: 4/4
   584 | D:1      | Reached skill level 4 in Ranged Weapons
   584 | D:1      | Reached XP level 3. HP: 30/30 MP: 5/5
  1228 | D:2      | Reached XP level 4. HP: 37/37 MP: 6/6
  1447 | D:2      | Noticed Natasha
  1456 | D:2      | Killed Natasha
  1707 | D:2      | Noticed Natasha
  1712 | D:2      | Killed Natasha
  1915 | D:3      | Reached XP level 5. HP: 45/45 MP: 7/7
  2016 | D:3      | Noticed Grinder
  2042 | D:3      | Killed Grinder
  2043 | D:3      | Reached skill level 5 in Ranged Weapons
  2043 | D:3      | Reached XP level 6. HP: 32/52 MP: 8/8
  3014 | D:4      | Noticed Sigmund
  3631 | D:4      | Found a glowing drain.
  3640 | Sewer    | Entered a sewer
  4188 | Sewer    | Reached XP level 7. HP: 60/60 MP: 9/9
  5178 | D:4      | Killed Sigmund
  5179 | D:4      | Reached skill level 5 in Fighting
  5179 | D:4      | Reached skill level 6 in Ranged Weapons
  5179 | D:4      | Reached skill level 5 in Dodging
  6011 | D:5      | Entered Level 5 of the Dungeon
  6233 | D:5      | Reached XP level 8. HP: 59/68 MP: 10/10
  6323 | D:5      | Reached skill level 1 in Armour
  6632 | D:5      | Found a staircase to the Ecumenical Temple.
  6871 | D:5      | Identified the +10 long sword "Aleckouf" {drain, Fragile
                  | rF+++ rC-}
  7258 | D:5      | Reached skill level 7 in Ranged Weapons
  7644 | D:6      | Noticed a kobold demonologist
  7656 | D:6      | Killed a kobold demonologist
  7877 | D:6      | Noticed Blork the orc
  7895 | D:6      | Killed Blork the orc
  7919 | D:6      | Reached XP level 9. HP: 30/78 MP: 11/11
  8251 | D:6      | Found a runed translucent gate.
  8251 | D:6      | Found a runed translucent gate.
  8251 | D:6      | Found a runed translucent gate.
  8634 | D:6      | Noticed SlaveLabor's ghost (novice DEAE)
  8860 | D:6      | Learned a level 2 spell: Wereblood
  9286 | D:7      | Reached skill level 1 in Transmutations
  9431 | D:7      | Found Weazodwe's Assorted Antiques.
  9453 | D:7      | Reached skill level 8 in Ranged Weapons
  9739 | D:7      | Reached skill level 5 in Armour
 10920 | D:8      | Identified 2 scrolls of acquirement
 10921 | D:8      | Acquired the ring "Tunah" {rF+ rC+ Str+4}
 11231 | D:8      | Identified the +5 mace "Myvuyrau" {vorpal, rN++ MP+9}
 11337 | D:8      | Identified the +2 mace of the Wilderness {vamp, Will+ Int+4
                  | Dex-2}
 11797 | D:9      | Noticed a boulder beetle
 12372 | D:9      | Reached XP level 10. HP: 88/88 MP: 13/13
 12829 | D:9      | Reached skill level 9 in Ranged Weapons
 12980 | D:9      | Noticed a boulder beetle
 13024 | D:9      | Killed a boulder beetle
 13089 | D:9      | Noticed a centaur warrior
 13098 | D:9      | Killed a centaur warrior
 13111 | D:9      | Killed a boulder beetle
 13112 | D:9      | Reached skill level 5 in Transmutations
 13279 | D:9      | Noticed a two-headed ogre
 13361 | D:9      | Killed a two-headed ogre
 13447 | D:9      | Reached skill level 1 in Spellcasting
 13460 | D:9      | Reached XP level 11. HP: 93/97 MP: 13/16
 13488 | D:9      | Noticed a centaur warrior
 13496 | D:9      | Killed a centaur warrior
 13526 | D:9      | Acquired 802 gold pieces
 13530 | D:9      | Acquired a +0 arbalest of freezing
 13701 | D:10     | Entered Level 10 of the Dungeon
 13883 | D:10     | Reached skill level 10 in Ranged Weapons
 14150 | D:10     | Found a staircase to the Orcish Mines.
 14387 | D:10     | Noticed Harold
 14391 | D:10     | Killed Harold
 14392 | D:10     | Reached skill level 1 in Maces & Flails
 14723 | D:11     | Noticed a two-headed ogre
 14825 | D:11     | Noticed a two-headed ogre
 14962 | D:11     | Killed a two-headed ogre
 15071 | D:11     | Found a staircase to the Lair.
 15093 | D:11     | Noticed a centaur warrior
 15117 | D:11     | Shot with an arrow by a centaur warrior

Illustrated notes

Levels and vault maps discovered:
D:1:      dpeg_arrival_long_road, layout_basic,
          chequers_ecumenical_altar_twisty, patterned_corridor
D:2:      layout_loops_ring, basic_altar, uniq_natasha
D:3:      layout_basic, uniq_grinder
D:4:      layout_layer_cave, mainiacjoe_overflow_chevrons, portal_sewer_entry_c,
          minmay_mini_jars, uniq_sigmund
D:5:      layout_gridville, minmay_temple_entry_arrows
D:6:      layout_basic, marbit_many_paths, gammafunk_ghost_icy,
          kennysheep_cluttered_room, uniq_blork_the_orc
D:7:      layout_gridville, mainiacjoe_overflow_alcove_2,
          mainiacjoe_overflow_catwalk, serial_shops, kennysheep_mini_moat,
          worms_lemuel
D:8:      layout_gridville, nicolae_overflow_hidden_temple
D:9:      layout_long_grid, mainiacjoe_overflow_alcove_1, fiery_altar_vehumet,
          minmay_the_grid_2x2 [minmay_the_grid_garden,
          minmay_the_grid_broken_lines, minmay_the_grid_diamond_grid,
          minmay_the_grid_prize_inner_circle]
D:10:     layout_basic, orc_david_3, minivault_27, uniq_harold
D:11:     layout_small_grid, due_lair_maze_entry_diamond, uniq_snorg

Skill      XL: |  1  2  3  4  5  6  7  8  9 10 11 |
---------------+----------------------------------+-----
Fighting       | 2 3 4 5 6 7 9 |  9.7
Dodging        | 2 3 4 5 6 7 |  7.3
Ranged Weapons | 4 5 6 7 8 9 10 | 10.3
Armour         | 3 5 6 |  6.0
Transmutations | 3 5 |  5.0
Spellcasting   | 1 3 |  3.5
Maces & Flails | 2 |  2.1
Stealth        | |  0.8

Action                   |  1- 3 |  4- 6 |  7- 9 | 10-12 || total
-------------------------+-------+-------+-------+-------++-------
Melee: Whip              |       |    22 |   106 |       ||   128
       Punch             |       |     1 |     4 |       ||     5
       Long sword        |       |       |     5 |       ||     5
       Morningstar       |       |       |    21 |       ||    21
       Shortbow          |       |       |     2 |       ||     2
       Arbalest          |       |       |     1 |       ||     1
 Fire: Shortbow          |    92 |   251 |   340 |       ||   683
       Arbalest          |       |       |    65 |   219 ||   284
Throw: Dart              |       |       |       |     3 ||     3
       Throwing net      |       |       |       |     1 ||     1
 Cast: Wereblood         |       |       |     1 |     4 ||     5
Evoke: Wand              |       |    12 |     9 |    10 ||    31
  Use: Scroll            |       |     2 |    18 |     3 ||    23
       Potion            |       |       |     5 |     2 ||     7
Armor: Leather armour    |     6 |       |       |       ||     6
       Ring mail         |       |    55 |   213 |    59 ||   327
Dodge: Dodged            |    16 |   117 |   398 |   135 ||   666

Table legend: (Time is in decaauts)
 A = Elapsed time spent in this place.
 B = Non-inter-level travel time spent in this place.
 C = Inter-level travel time spent in this place.
 D = Time resting spent in this place.
 E = Time spent auto-exploring this place.
 F = Levels seen in this place.
 G = Mean time per level.
                   A        B        C        D        E       F      G
               +--------+--------+--------+--------+--------+-----+--------+
         Total |  15527 |  14956 |    571 |   3858 |   7499 |  12 | 1293.9 |
       Dungeon |  14523 |  13952 |    571 |   3461 |   7197 |  11 | 1320.3 |
         Sewer |   1003 |   1003 |      0 |    397 |    301 |   1 | 1003.0 |
               +--------+--------+--------+--------+--------+-----+--------+

Top non-repeatable levels by time:
     D:9: 2202 daAuts
     D:7: 1794 daAuts
     D:4: 1698 daAuts
     D:3: 1646 daAuts
     D:6: 1618 daAuts
     D:5: 1486 daAuts
    D:10: 1111 daAuts
     D:2: 1084 daAuts
   Sewer: 1003 daAuts
     D:8: 755 daAuts
     D:1: 753 daAuts
    D:11: 370 daAuts
